AoeStats
← Wlock

African Clearing

510945716Analyzed
2v2 RM · 15h ago on Oct 3, 2026· 17m 15s· 4 players
Game mode
Random Map
Map size
Medium (4 player)
Population
200
Speed
Normal
Resources
Standard
Victory
Conquest
Starting age
Dark Age
Ending age
Imperial Age
RankedLock teamsTeams togetherTeam positionsShared explorationLock speedFull tech treeHidden civsTurbo modeCheats
Victory
Defeat
🇲🇽 Maya · Mexico
1455
+14
🇲🇽 Magyars · Mexico
1420
+15
🇦🇷 Georgians · Argentina
1412
-15
🇦🇺 Japanese · Australia
1396
-14
Donezo
9:31 Loom
13:13 Feudal Age
17:10 Castle Age
15:39 Double-Bit Axe
Wlock
11:54 Feudal Age
11:56 Man-at-Arms
12:39 Loom
GEN0S
11:30 Feudal Age
12:28 Double-Bit Axe
15:59 Loom
17:03 Bloodlines
OM | Romeo D. Sins
2:55 Loom
12:02 Feudal Age
12:28 Double-Bit Axe
16:08 Fletching
Connection lost

Rejoining the realm…

Still unreachable

The connection could not be restored.

Session expired

The server has moved on; the page needs a fresh start.